 Dungeon Crawl Stone Soup version 0.31-a0-222-gefeffbb62a (webtiles) character file.

Game seed: 17860936475800101731

3721 Iniera the Carver (level 10, -3/60 HPs)
             Began as a Tengu Gladiator on July 6, 2023.
             Was an Initiate of Dithmenos.
             Slain by a sixfirhy (9 damage)
             ... on level 2 of the Abyss.
             The game lasted 00:10:24 (8502 turns).

Iniera the Carver (Tengu Gladiator)                 Turns: 8502, Time: 00:10:25

Health: -3/60      AC: 10    Str: 14    XL:     10   Next: 14%
Magic:  11/11      EV: 17    Int:  9    God:    Dithmenos [......]
Gold:   998        SH:  8    Dex: 20    Spells: 9/9 levels left

rFire   + . .        b - +0 long sword (holy)
rCold   . . .        k - +2 buckler
rNeg    . . .        r - +0 swamp dragon scales
rPois   +            c - +2 hat
rElec   .            (no cloak)
rCorr   .            (no gloves)
SInv    .            (boots unavailable)
Will    .....        w - amulet of faith
Stlth   +++          f - ring of protection from fire
HPRegen 0.30/turn    (no ring)
MPRegen 0.12/turn

%: faith
@: about to teleport, flying quickly and evasively, studying Shields, quick
A: beak, talons 3, nimble flight
a: Renounce Religion


You were on level 2 of the Abyss.
You worshipped Dithmenos.
Dithmenos was noncommittal.
You visited 2 branches of the dungeon, and saw 10 of its levels.
You visited the Abyss 1 time.

You collected 998 gold pieces.

Inventory:

Hand Weapons
 a - a +3 short sword of draining
 b - a +0 long sword of holy wrath (weapon)
Missiles
 d - 2 throwing nets
 e - a javelin
 n - 9 poisoned darts (quivered)
Armour
 c - a +2 hat (worn)
 k - a +2 buckler (worn)
 r - +0 swamp dragon scales (worn)
Jewellery
 f - a ring of protection from fire (left hand)
 w - an amulet of faith (around neck)
 y - a ring of ice
Wands
 l - a wand of polymorph (9)
 p - a wand of iceblast (5)
 t - a wand of acid (11)
 z - a wand of paralysis (6)
Scrolls
 j - 2 scrolls of enchant armour
 o - a scroll of fear
 q - a scroll of blinking
 s - a scroll of poison
Potions
 g - 5 potions of curing
 h - 2 potions of magic
 m - 4 potions of enlightenment
 u - a potion of cancellation {unknown}
 v - a potion of heal wounds


   Skills:
 * Level 6.2 Fighting
 + Level 8.8 Long Blades
 - Level 4.0 Throwing
 - Level 4.8 Armour
 + Level 6.7 Dodging
 + Level 6.4 Stealth
 - Level 5.2 Shields
 + Level 0.0 Invocations


You had 9 spell levels left.
You didn't know any spells.
Your spell library contained the following spells:

 Spells                   Type           Power      Damage    Failure   Level
 Beastly Appendage        Tmut           0%         N/A       71%         1
 Slow                     Hex            0%         N/A       71%         1
 Lesser Beckoning         Tloc           0%         N/A       83%         2
 Poisonous Vapours        Pois/Air       0%         N/A       83%         2
 Wereblood                Tmut           0%         N/A       83%         2
 Confusing Touch          Hex            0%         N/A       97%         3
 Frozen Ramparts          Ice            0%         1d1       97%         3
 Gell's Gravitas          Tloc           0%         N/A       97%         3
 Inner Flame              Hex/Fire       0%         N/A       97%         3
 Mephitic Cloud           Conj/Pois/Air  0%         N/A       97%         3
 Spider Form              Tmut/Pois      0%         N/A       97%         3
 Teleport Other           Tloc           0%         N/A       97%         3
 Vampiric Draining        Necr           0%         2d6       97%         3
 Animate Armour           Summ/Erth      0%         N/A       100%        4
 Ice Form                 Ice/Tmut       0%         N/A       100%        4
 Manifold Assault         Tloc           0%         N/A       100%        4
 Summon Ice Beast         Ice/Summ       0%         N/A       100%        4
 Summon Lightning Spire   Summ/Air       0%         N/A       100%        4
 Blade Hands              Tmut           0%         N/A       100%        5
 Freezing Cloud           Conj/Ice/Air   0%         6-21      100%        5
 Yara's Violent Unravell  Hex/Tmut       0%         3d3       100%        5
 Dispersal                Tloc           0%         N/A       100%        6
 Enfeeble                 Hex            0%         N/A       100%        7
 Disjunction              Tloc           0%         N/A       100%        8


Dungeon Overview and Level Annotations

Branches:
Dungeon (9/15)             Temple (1/1) D:7
   Lair: D:8-11         Orc: D:9-12

Altars:
Ashenzari
Cheibriados
Dithmenos
Elyvilon
Fedhas
Gozag
Hepliaklqana
Kikubaaqudgha
Makhleb
Nemelex Xobeh
Okawaru
Qazlal
Ru
Sif Muna
Trog
Vehumet
Wu Jian
Xom
Yredelemnul
Zin
The Shining One

Annotations:
D:6 1 runed translucent door, innerfire43's ghost, novice DsMo
D:9 Erolcha


Innate Abilities, Weirdness & Mutations

You have a beak for a mouth.
You have claws for feet.
Your magical nature lets you fly swiftly and evasively.


Message History

Unknown command.
Unknown command.
Unknown command.
Found a gateway leading deeper into the Abyss.
A starcursed mass comes into view.
Your +0 long sword of holy wrath softly glows with a divine radiance!
b - a +0 long sword of holy wrath (weapon)
A raiju comes into view.
Found a gateway leading deeper into the Abyss.
A sixfirhy comes into view.
The sixfirhy moves out of view.
A starcursed mass comes into view.
A starcursed mass splits.
The sixfirhy misses you.
As you read the scroll of teleportation, it crumbles to dust.
You feel strangely unstable.
You feel the power of the Abyss delaying your translocation!
You block the sixfirhy's attack. x2; The sixfirhy hits you!
The sixfirhy shocks you! The sixfirhy closely misses you.
The sixfirhy hits you. The sixfirhy shocks you!
The sixfirhy closely misses you. The sixfirhy hits you!
* * * LOW HITPOINT WARNING * * *
The sixfirhy shocks you!
* * * LOW HITPOINT WARNING * * *
The sixfirhy barely misses you. The sixfirhy closely misses you.
You feel much better.
You slash the sixfirhy!
The sixfirhy convulses!
Your kick misses the sixfirhy.
The sixfirhy is severely wounded.
The starcursed mass shrieks in your mind.
You completely miss the sixfirhy.
The sixfirhy is severely wounded.
The sixfirhy closely misses you. The sixfirhy hits you!
The sixfirhy shocks you!
* * * LOW HITPOINT WARNING * * *
You miss the sixfirhy. Your kick misses the sixfirhy. You peck the sixfirhy.
The sixfirhy is severely wounded.
The sixfirhy hits you!
* * * LOW HITPOINT WARNING * * *
The sixfirhy shocks you!
You die...

... # ...###...###...
##... ##
....#.....#.....#... . .
................. .. ..
.............. . . .
................. ...
#.....#.....#.....#.
##...###...###...# #
...#..@..#.....#. ...#
........3...............
........................
........................
....#.....#.....#..h.. .
...###...###X..## ...###
#.....#.....#.....#.....
## ..###...###...###. #
... #. . .#.....#.....


You could see a starcursed mass and a sixfirhy.

Vanquished Creatures
  Joseph (D:8)
  Maggie (D:6)
  A hornet (D:8)
  Prince Ribbit (D:6)
  A wyvern (D:8)
  A water moccasin (D:3)
  2 ice beasts
  An orc warrior (D:6)
  2 sky beasts
  2 black bears
  An ogre (D:7)
  A centaur (D:8)
  A kobold brigand (D:8)
  2 bullfrogs
  A gnoll sergeant (D:5)
  3 scorpions
  5 wights (D:8)
  5 killer bees (D:8)
  A howler monkey (D:8)
  2 hounds
  3 jellies
  A gnoll bouda (D:4)
  3 orc priests
  3 orc wizards
  A sleepcap (D:6)
  3 iguanas (D:5)
  14 gnolls
  6 adders
  A white imp (D:5)
  A worm (D:3)
  5 dart slugs
  17 orcs
  6 ball pythons
  9 endoplasms
  8 goblins
  7 hobgoblins
  9 jackals
  11 kobolds
  2 quokkas
  4 bats
  A frilled lizard (D:1)
  6 rats
156 creatures vanquished.

Notes
Turn   | Place    | Note
-------+----------+-------------------------------------------
     0 | D:1      | Iniera the Tengu Gladiator began the quest for the Orb.
     0 | D:1      | Reached XP level 1. HP: 12/12 MP: 2/2
   130 | D:1      | Reached XP level 2. HP: 17/17 MP: 3/3
   154 | D:1      | Reached skill level 4 in Long Blades
   331 | D:1      | Reached XP level 3. HP: 11/21 MP: 4/4
   470 | D:1      | Found a faded altar of an unknown god.
  1142 | D:2      | Reached XP level 4. HP: 22/26 MP: 5/5
  1652 | D:3      | Noticed a water moccasin
  1664 | D:3      | Killed a water moccasin
  1665 | D:3      | Reached skill level 5 in Long Blades
  1665 | D:3      | Gained mutation: Your magical nature lets you fly swiftly
                  | and evasively. [Tengu growth]
  1665 | D:3      | Reached XP level 5. HP: 8/30 MP: 6/6
  1797 | D:3      | Identified 2 scrolls of acquirement
  1797 | D:3      | Acquired a manual of Shields
  1799 | D:3      | Acquired 581 gold pieces
  2162 | D:3      | Found a white marble altar of Elyvilon.
  2373 | D:4      | Reached XP level 6. HP: 23/35 MP: 7/7
  2504 | D:4      | Found a hazy altar of Hepliaklqana.
  2557 | D:4      | Noticed a black bear
  2563 | D:4      | Killed a black bear
  2564 | D:4      | Reached skill level 5 in Dodging
  2751 | D:4      | HP: 1/35 [gnoll/+0 flail[a gnoll bouda] (8)]
  3120 | D:4      | Found a snail-covered altar of Cheibriados.
  3211 | D:4      | Found a shadowy altar of Dithmenos.
  3767 | D:5      | Entered Level 5 of the Dungeon
  3862 | D:5      | Reached skill level 1 in Shields
  3862 | D:5      | Reached XP level 7. HP: 38/40 MP: 8/8
  3888 | D:5      | Reached skill level 1 in Stealth
  4188 | D:5      | Reached skill level 6 in Long Blades
  4596 | D:6      | Found an ornate altar of the Wu Jian Council.
  4634 | D:6      | Reached XP level 8. HP: 25/46 MP: 9/9
  4644 | D:6      | Found a radiant altar of Vehumet.
  4648 | D:6      | HP: 2/46 [orc warrior/+0 battleaxe (19)]
  4859 | D:6      | Noticed Maggie
  4954 | D:6      | Killed Maggie
  4955 | D:6      | Reached skill level 7 in Long Blades
  4955 | D:6      | Reached skill level 5 in Shields
  5169 | D:6      | Reached XP level 9. HP: 12/52 MP: 10/10
  5347 | D:6      | Reached skill level 1 in Armour
  5410 | D:6      | Found a runed translucent door.
  5411 | D:6      | Found a shimmering altar of Xom.
  5411 | D:6      | Noticed innerfire43's ghost (novice DsMo)
  5411 | D:6      | Noticed a +1 dagger of chaos
  5437 | D:6      | Noticed Prince Ribbit
  5449 | D:6      | Killed Prince Ribbit
  5854 | D:6      | Found a glowing silver altar of Zin.
  6611 | D:7      | Reached skill level 5 in Fighting
  6611 | D:7      | Reached skill level 5 in Stealth
  6842 | D:7      | Found a staircase to the Ecumenical Temple.
  7018 | Temple   | Entered the Ecumenical Temple
  7202 | D:4      | Became a worshipper of Dithmenos the Shadowed
  7323 | D:8      | Noticed Joseph
  7332 | D:8      | Killed Joseph
  7333 | D:8      | Reached skill level 8 in Long Blades
  7871 | D:8      | Noticed a hornet
  7882 | D:8      | Killed a hornet
  7964 | D:8      | Reached XP level 10. HP: 60/60 MP: 11/11
  8422 | D:9      | Noticed Erolcha
  8434 | D:9      | Paralysed by Erolcha for 2 turns
  8447 | Abyss:2  | Found a corrupted altar of Lugonu.
  8447 | Abyss:2  | Cast into level 2 of the Abyss (Erolcha)
  8465 | Abyss:2  | Noticed a starcursed mass
  8485 | Abyss:2  | Noticed a sixfirhy
  8486 | Abyss:2  | Noticed a starcursed mass
  8502 | Abyss:2  | Slain by a sixfirhy

Illustrated notes

Levels and vault maps discovered:
D:1:      shiori_arrival_elements, layout_loops_ring,
          hellmonk_ecumenical_altar_leap_of_faith
D:2:      layout_loops_cross
D:3:      layout_rooms, elyvilon_altar_5, nicolae_underground_beach
D:4:      layout_layer_cave, nicolae_overflow_hidden_temple,
          grunt_dithmenos_smoke_and_mirrors, mainiacjoe_overflow_cross_hatched
D:5:      layout_basic
D:6:      layout_basic, mainiacjoe_overflow_small_starburst,
          nicolae_vehumet_altar_sigil, mainiacjoe_overflow_alcove_2,
          ebering_ghost_xom, nicolae_wand_duel, grunt_decor_clamped,
          uniq_prince_ribbit1, uniq_maggie
D:7:      layout_basic, temple_fountains, nicolae_letterblocks
          [nicolae_letter_subblock, nicolae_letter_subblock,
          nicolae_letter_subblock, nicolae_letter_subblock,
          nicolae_letter_subblock, nicolae_letter_subblock,
          nicolae_letter_subblock, nicolae_letter_subblock,
          nicolae_letter_subblock, nicolae_letter_subblock,
          nicolae_letter_subblock, nicolae_letter_subblock,
          nicolae_letter_subblock, nicolae_letter_subblock,
          nicolae_letter_subblock, nicolae_letter_subblock,
          nicolae_letter_subblock, nicolae_letter_subblock,
          nicolae_letter_subblock, nicolae_letter_subblock,
          nicolae_letter_subblock, nicolae_letter_subblock,
          nicolae_letter_subblock, nicolae_letter_subblock,
          nicolae_letter_subblock]
D:8:      wad_crossroads, layout_basic, uniq_joseph
D:9:      layout_big_octagon, serial_shops, shop, serial_gnoll_camp,
          gnoll_camp_mini_doghouse, gnoll_camp_huts_basic,
          gnoll_camp_mini_house, gnoll_camp_mini_shop, gnoll_camp_medium_02,
          gnoll_camp_mini_loothouse, uniq_erolcha
Temple:   nicolae_temple_great_sept
Abyss:2:  base: D:5, spicy_abyss_unhelpful_harpoons

Skill      XL: |  1  2  3  4  5  6  7  8  9 10 |
---------------+-------------------------------+-----
Long Blades    | 4 5 6 7 8 |  8.8
Dodging        | 4 5 6 |  6.7
Throwing       | 3 4 |  4.0
Shields        | 1 3 5 |  5.2
Stealth        | 2 4 6 |  6.4
Fighting       | 3 4 5 6 |  6.2
Armour         | 4 |  4.8

Action                     |  1- 3 |  4- 6 |  7- 9 | 10-12 || total
---------------------------+-------+-------+-------+-------++-------
  Melee: Long sword        |    81 |     1 |    13 |     3 ||    98
         Kick              |    19 |    22 |    86 |    16 ||   143
         Peck              |     8 |    19 |    60 |     9 ||    96
         Punch             |     1 |     1 |     1 |       ||     3
         Short sword       |       |    88 |   258 |    55 ||   401
  Throw: Dart              |    10 |     8 |     2 |       ||    20
         Throwing net      |       |     1 |       |       ||     1
         Javelin           |       |       |     1 |       ||     1
    Use: Potion            |       |     1 |     4 |     1 ||     6
         Scroll            |       |    16 |     4 |     2 ||    22
   Stab: Sleeping          |       |     3 |    10 |     3 ||    16
 Armour: Leather armour    |    19 |    10 |    13 |       ||    42
         Swamp dragon scal |       |       |    20 |    12 ||    32
  Dodge: Dodged            |    48 |    57 |   149 |    36 ||   290
  Block: Buckler           |       |       |    66 |    24 ||    90

Table legend: (Time is in decaauts)
 A = Elapsed time spent in this place.
 B = Non-inter-level travel time spent in this place.
 C = Inter-level travel time spent in this place.
 D = Time resting spent in this place.
 E = Time spent auto-exploring this place.
 F = Levels seen in this place.
 G = Mean time per level.
                   A        B        C        D        E       F      G
               +--------+--------+--------+--------+--------+-----+--------+
         Total |   7963 |   7558 |    405 |    557 |   5751 |  11 |  723.9 |
       Dungeon |   7810 |   7410 |    400 |    557 |   5697 |   9 |  867.8 |
        Temple |    103 |     99 |      4 |      0 |     54 |   1 |  103.0 |
         Abyss |     49 |     49 |      0 |      0 |      0 |   1 |   49.0 |
               +--------+--------+--------+--------+--------+-----+--------+

Top non-repeatable levels by time:
     D:6: 1462 daAuts
     D:4: 1245 daAuts
     D:8: 1018 daAuts
     D:1: 900 daAuts
     D:7: 891 daAuts
     D:5: 765 daAuts
     D:2: 764 daAuts
     D:3: 742 daAuts
  Temple: 103 daAuts
 Abyss:2: 49 daAuts
     D:9: 20 daAuts
